 Dungeon Crawl Stone Soup version 0.22.1-1-ga44c0e56f4 (webtiles) character file.

107216 PikkenKukken the Gelid (level 16, -5/122 HPs)
             Began as a Merfolk Ice Elementalist on Oct 2, 2018.
             Was a High Priest of Sif Muna.
             Slain by a ghost moth (9 damage)
             ... on level 1 of the Spider Nest on Oct 3, 2018.
             The game lasted 03:11:43 (47836 turns).

PikkenKukken the Gelid (Merfolk Ice Elementalist)  Turns: 47836, Time: 03:11:43

Health: -5/122     AC:  9    Str:  8 (10) XL:     16   Next: 46%
Magic:  0/30       EV: 22    Int: 25 (27) God:    Sif Muna [*****.]
Gold:   2516       SH: 13    Dex: 12 (14) Spells: 6/35 levels left

rFire    + . .     SeeInvis .   M - +6 spear "Acatoch" {pierce, rPois}
rCold    . . .     Gourm    .   P - +3 buckler of the Dropbear {Int+4}
rNeg     . . .     Faith    .   J - +5 leather armour of the Harp {rPois MR++ Int+3}
rPois    +         Spirit   .   (no helmet)
rElec    .         Reflect  +   h - +1 cloak
rCorr    .         Harm     .   (no gloves)
MR       +++..     Clarity  +   (no boots)
Stlth    ++........             D - +5 amulet of reflection
HPRegen  0.30/turn              U - +4 ring of evasion
MPRegen  0.22/turn              p - +6 ring of slaying

@: no status effects
A: change form in water, swift swim, stealthy swim, clarity, deformed body, fire
resistance 1
a: Divine Energy, Channel Magic, Forget Spell, Renounce Religion


You were on level 1 of the Spider Nest.
You worshipped Sif Muna.
Sif Muna was extremely pleased with you.
You were not hungry.

You visited 5 branches of the dungeon, and saw 26 of its levels.
You also visited: Sewer.

You collected 2872 gold pieces.
You spent 356 gold pieces at shops.

Inventory:

Hand Weapons
 o - a +2 trident of venom
 M - the +6 spear "Acatoch" (weapon) {pierce, rPois}
   (You found it on level 6 of the Lair of Beasts)

   It inflicts extra damage upon your enemies.
   It protects you from poison.
Armour
 h - a +1 cloak (worn)
 C - the +2 leather armour of Qeid {rN+ Regen+ Dex+2}
   (You bought it in a shop on level 7 of the Dungeon)

   It affects your dexterity (+2).
   It protects you from negative energy.
   It increases your rate of regeneration.
 J - the +5 leather armour of the Harp (worn) {rPois MR++ Int+3}
   (You took it off an orc priest on level 11 of the Dungeon)

   It affects your intelligence (+3).
   It protects you from poison.
   It affects your resistance to hostile enchantments.
 P - the +3 buckler of the Dropbear (worn) {Int+4}
   (You found it on level 6 of the Lair of Beasts)

   It affects your intelligence (+4).
Jewellery
 j - an uncursed ring of positive energy
 p - a +6 ring of slaying (right hand)
 y - an uncursed ring of poison resistance
 A - an uncursed ring of protection from cold
 D - a +5 amulet of reflection (around neck)
 R - an uncursed ring of stealth
 U - a +4 ring of evasion (left hand)
Wands
 u - a wand of flame (116)
 v - a wand of polymorph (22)
 w - a wand of paralysis (11)
 B - a wand of digging (59)
 G - a wand of iceblast (25)
 H - a wand of acid (16)
 I - a wand of disintegration (61)
 K - a wand of enslavement (12)
Scrolls
 e - 9 scrolls of remove curse
 i - 5 scrolls of immolation
 q - 6 scrolls of teleportation
 x - 7 scrolls of amnesia
 N - 3 scrolls of fear
 O - 3 scrolls of magic mapping
 Q - a scroll of enchant weapon
 S - 2 scrolls of summoning
 T - a scroll of fog
 V - a scroll of enchant armour
Potions
 b - 8 potions of flight
 c - 5 potions of agility
 d - 10 potions of curing
 f - 5 potions of haste
 g - 2 potions of berserk rage {unknown}
 k - 4 potions of mutation
 l - 7 potions of brilliance
 m - 3 potions of heal wounds
 r - 4 potions of magic
 s - a potion of resistance
 t - 4 potions of ambrosia
 E - a potion of cancellation {unknown}
 F - 2 potions of lignification
 L - a potion of invisibility {unknown}
 X - a potion of might {unknown}
Comestibles
 n - 23 rations


   Skills:
 - Level 10.0 Fighting
 - Level 14.0 Polearms
 - Level 4.0 Armour
 - Level 12.0 Dodging
 - Level 2.1 Stealth
 - Level 5.0 Shields
 - Level 10.0 Spellcasting
 + Level 10.6 Conjurations
 + Level 9.3 Summonings
 - Level 15.0 Ice Magic


You had 6 spell levels left.
You knew the following spells:

 Your Spells              Type           Power        Failure   Level  Hunger
a - Freeze                Ice            ####         0%          1    None
b - Throw Frost           Conj/Ice       ######       1%          2    None
c - Ozocubu's Armour      Chrm/Ice       ######..     1%          3    None
d - Throw Icicle          Conj/Ice       ######..     1%          4    None
e - Summon Ice Beast      Ice/Summ       ######..     1%          4    None
f - Summon Lightning Spi  Summ/Air       #####...     10%         4    None
g - Bolt of Cold          Conj/Ice       ######....   5%          6    #####..
h - Aura of Abjuration    Summ           ######....   4%          5    ####...

Your spell library contained the following spells:

 Spells                   Type           Power        Failure   Level  Hunger
 Flame Tongue             Conj/Fire      #####        1%          1    None
 Magic Dart               Conj           ####         1%          1    None
 Shock                    Conj/Air       ####         1%          1    None
 Sting                    Conj/Pois      ####         1%          1    None
 Summon Butterflies       Summ           ######..     1%          1    None
 Summon Small Mammal      Summ           ####         1%          1    None
 Call Imp                 Summ           ######..     1%          2    None
 Searing Ray              Conj           ######       1%          2    None
 Throw Flame              Conj/Fire      #####.       1%          2    None
 Call Canine Familiar     Summ           ######..     1%          3    None
 Iskenderun's Mystic Bla  Conj           ######..     1%          4    None
 Conjure Flame            Conj/Fire      #####...     2%          3    None
 Dazzling Spray           Conj/Hex       #####.       2%          3    None
 Recall                   Summ/Tloc      N/A          3%          3    None
 Summon Guardian Golem    Hex/Summ       #####...     3%          3    None
 Ice Form                 Ice/Tmut       ######..     3%          4    None
 Beastly Appendage        Tmut           ##....       7%          1    None
 Force Lance              Conj/Tloc      #####...     8%          4    None
 Fulminant Prism          Conj/Hex       #####.....   8%          4    None
 Sticky Flame             Conj/Fire      #####...     8%          4    None
 Poisonous Vapours        Pois/Air       ##....       11%         2    None
 Sticks to Snakes         Tmut           ##......     11%         2    None
 Inner Flame              Hex/Fire       ##......     21%         3    None
 Regeneration             Chrm/Necr      ##........   21%         3    None
 Spider Form              Tmut/Pois      ##........   21%         3    None
 Bolt of Draining         Conj/Necr      #####.....   22%         5    ####...
 Fireball                 Conj/Fire      #####.....   22%         5    ####...
 Iskenderun's Battlesphe  Conj/Chrm      #####...     22%         5    ####...
 Venom Bolt               Conj/Pois      #####.....   22%         5    ####...
 Shadow Creatures         Summ           N/A          22%         6    #####..
 Summon Mana Viper        Hex/Summ       #####...     28%         5    ####...
 Freezing Cloud           Conj/Ice/Air   ######....   32%         6    #####..
 Simulacrum               Ice/Necr       ######....   43%         6    #####..
 Animate Dead             Necr           N/A          56%         4    None
 Petrify                  Tmut/Erth      ##......     56%         4    None
 Conjure Ball Lightning   Conj/Air       #####.....   75%         6    #####..
 Poison Arrow             Conj/Pois      #####.....   75%         6    #####..
 Blade Hands              Tmut           ##........   88%         5    ####...
 Borgnjor's Vile Clutch   Necr/Erth      ##........   88%         5    ####...
 Silence                  Hex/Air        ##........   88%         5    ####...
 Death Channel            Necr           ##........   100%        6    #####..
 Deflect Missiles         Chrm/Air       ##........   100%        6    #####..
 Orb of Destruction       Conj           ######....   58%         7    #######
 Summon Hydra             Summ           ######....   77%         7    #######
 Haunt                    Necr/Summ      #####.....   100%        7    #######
 Lehudib's Crystal Spear  Conj/Erth      #####.....   100%        8    #######
 Tornado                  Air            ##........   100%        9    #######


Dungeon Overview and Level Annotations

Branches:
Dungeon (13/15)            Temple (0/1) D:7            Lair (6/6) D:8
 Shoals (3/4) Lair:4       Spider (2/4) Lair:3        Slime (0/5) Lair:5
    Orc (2/2) D:9             Elf (0/3) Orc:2
 Vaults: D:13-14

Altars:
Cheibriados
Fedhas
Gozag
Kikubaaqudgha
Makhleb
Okawaru
Qazlal
Sif Muna
Vehumet
Wu Jian
Xom
Yredelemnul
Beogh

Shops:
D:7 [   D:10 =   D:11 (   Orc:2 !!!}(

Portals:
Trove: D:11 (give +6 demon trident)

Annotations:
D:3 Grinder
D:8 1 runed door, Eralyen's ghost, novice GrBe
D:9 2 runed doors
D:10 2 runed doors, exclusion: orange crystal statue
Lair:1 Gastronok
Lair:3 2 runed doors, Riddle's ghost, journeyman DsMo
Lair:4 exclusion: 4 oklob plants
Shoals:2 1 runed door
Shoals:3 exclusion: oklob plant


Innate Abilities, Weirdness & Mutations

You revert to your normal form in water.
You are very nimble and swift while swimming.
You are very stealthy in the water. (Stealth+)
You possess an exceptional clarity of mind.
Armour fits poorly on your strangely shaped body.
Your flesh is heat resistant. (rF+)


Message History

Something hits you!
* * * LOW HITPOINT WARNING * * *
You feel clumsy. Something barely misses you.
You feel much better.
You feel you are being watched by something.
Something hits you!
* * * LOW HITPOINT WARNING * * *
Something hits you but does no damage. You block something's attack.
You miss something. You closely miss something. Something hits you.
* * * LOW HITPOINT WARNING * * *
Something hits you.
* * * LOW HITPOINT WARNING * * *
You block something's attack.
You puncture something!
You feel you are being watched by something.
You feel your power leaking away. You block something's attack.
Something hits you!
You die...

...###.......##
..##.#......### ######
..#..#...####.###.#}.#
..#..##.......##.....#
..#..#.......†>##...##
#.".##...########..).#
#....#>......#####..##
#....#†.....##.#.#...##
##.^.#....###..{@....[#
.#...#..###.#.......#####
###....##.#.......#.....#
#.#....[.......#####...##
..#..........###...##.##
..#.....##..##......###
....#...^####........#
....#...##.......#####
...######............##


There were no monsters in sight!

Vanquished Creatures
  Ilsuiw (Shoals:2)
  An entropy weaver (Spider:1)
  Azrael (D:13)
  The ghost of Qidob the Basher, a journeyman HuSk of Okawaru (Lair:2)
  A merfolk impaler (Shoals:1)
  A merfolk javelineer (Shoals:3)
  The ghost of Hedig the Geomancer, a journeyman GrEE of Vehumet (Lair:2)
  Erolcha (D:13)
  4 hydras
  An alligator snapping turtle (Shoals:3)
  A satyr (Shoals:3)
  A centaur warrior (D:13)
  A merfolk avatar (Lair:6)
  2 ogre magi (Orc:2)
  A queen ant (Lair:3)
  3 two-headed ogres
  Nergalle (Orc:2)
  5 skeletal warriors (D:12)
  An unseen horror (D:12)
  3 sea snakes
  6 harpies
  8 wolf spiders
  6 orb spiders
  A cyclops (D:13)
  2 orc sorcerers (Orc:2)
  6 manticores
  A salamander (Lair:4)
  An ugly thing (D:13)
  12 fauns
  9 elephants
  4 merfolk sirens
  4 water nymphs
  4 black mambas
  5 torpor snails
  A molten gargoyle (Lair:4)
  9 spiny frogs
  3 centaur skeletons
  6 komodo dragons
  2 rime drakes
  2 demonic crawlers
  A wind drake (Shoals:3)
  2 tengu conjurers (D:13)
  7 merfolk
  A troll (Orc:2)
  3 meliai (Spider:1)
  A queen bee (Spider:1)
  15 blink frogs
  12 jumping spiders
  6 hornets
  5 polar bears
  8 hippogriffs
  3 snapping turtles
  2 dream sheep (Lair:6)
  28 redbacks
  A vampire (D:9)
  A spriggan (D:7)
  18 tarantellas
  2 wyverns
  5 basilisks
  6 water elementals
  17 yaks
  Eustachio (D:4)
  3 fire elementals
  Menkaure (D:7)
  17 soldier ants
  4 hell hounds
  5 water moccasins
  4 porcupines
  5 sky beasts
  9 ice beasts
  3 phantoms
  2 slaves
  11 orc warriors
  4 ogres
  6 wolves
  3 centaurs
  12 crocodiles
  2 big kobolds
  16 bullfrogs
  A water moccasin zombie (D:8)
  2 scorpions
  A water moccasin skeleton (D:10)
  13 wights
  23 killer bees
  2 howler monkeys
  2 electric eels
  4 crimson imps
  A bullfrog zombie (D:9)
  A bullfrog skeleton (D:10)
  3 hounds
  4 jellies
  16 orc priests
  28 orc wizards
  Terence (D:3)
  7 iguanas
  4 hell rats (Lair:2)
  19 worker ants
  A killer bee zombie (D:7)
  A hound skeleton (D:5)
  A worker ant zombie (D:6)
  Robin (D:4)
  18 adders
  9 gnolls
  4 river rats (Sewer)
  A shadow imp (D:10)
  4 worms
  5 dart slugs
  6 leopard geckos
  56 orcs
  2 bats (D:1)
  9 giant cockroaches
  21 goblins
  8 hobgoblins
  27 jackals
  27 kobolds
  4 quokkas
  6 ball pythons
  A ball python zombie (D:5)
  8 frilled lizards
  A jackal skeleton (D:8)
  A leopard gecko skeleton (D:5)
  23 rats
  2 plants
755 creatures vanquished.

Vanquished Creatures (collateral kills)
  A merfolk impaler (Shoals:2)
  The ghost of Imisaob the Grappler, a journeyman TrBe of Trog (Lair:3)
  4 ogre magi (Orc:2)
  2 two-headed ogres
  2 merfolk avatars (Shoals:3)
  A merfolk aquamancer (Shoals:3)
  An orc high priest (Orc:2)
  3 sea snakes
  Pikel (D:8)
  2 harpies
  A faun (Shoals:3)
  3 orc sorcerers (Orc:2)
  An ugly thing (D:12)
  A manticore (Shoals:3)
  2 merfolk sirens (Shoals:2)
  A guardian serpent (D:13)
  6 elephants
  A rime drake (Lair:2)
  6 spiny frogs
  A kobold demonologist (D:13)
  3 komodo dragons
  2 trolls
  2 wind drakes
  6 blink frogs
  3 hippogriffs
  2 dream sheep (Lair:6)
  3 snapping turtles
  4 water elementals
  5 redbacks
  A tarantella (Spider:1)
  3 yaks
  A basilisk (Lair:6)
  4 soldier ants (Lair:3)
  6 water moccasins
  3 orc warriors
  3 ogres (Orc:2)
  A wolf (Lair:3)
  2 crocodiles (Lair:6)
  A bullfrog (Lair:2)
  2 killer bees (Spider:1)
  5 orc priests
  13 orc wizards
  A hell rat (Lair:2)
  3 worker ants (Lair:3)
  17 orcs
137 creatures vanquished.

Vanquished Creatures (others)
  A centaur warrior (D:13)
  A satyr (Shoals:2)
  2 fauns
  A centaur (Shoals:3)
  A crocodile (D:8)
  A bullfrog (D:11)
  An orc wizard (D:11)
  A worker ant (D:7)
  2 orcs (D:11)
  A bush (Lair:6)
  16 fungi
  28 plants
  4 withered plants (Lair:2)
60 creatures vanquished.

Grand Total: 952 creatures vanquished

Notes
Turn   | Place    | Note
-------+----------+-------------------------------------------
     0 | D:1      | PikkenKukken the Merfolk Ice Elementalist began the quest
                  | for the Orb.
     0 | D:1      | Reached XP level 1. HP: 13/13 MP: 3/3
   177 | D:1      | Reached XP level 2. HP: 18/19 MP: 1/5
   349 | D:1      | Learned a level 2 spell: Throw Frost
   361 | D:1      | Reached skill level 4 in Ice Magic
   648 | D:1      | Reached skill level 1 in Polearms
   903 | D:1      | Reached XP level 3. HP: 24/24 MP: 0/6
  1971 | D:2      | Learned a level 3 spell: Ozocubu's Armour
  2373 | D:2      | Reached skill level 1 in Conjurations
  2373 | D:2      | Reached XP level 4. HP: 27/30 MP: 3/7
  3701 | D:3      | Found a glowing drain.
  3704 | D:3      | Reached skill level 5 in Ice Magic
  3790 | Sewer    | Entered a sewer
  3919 | Sewer    | Reached XP level 5. HP: 32/35 MP: 2/8
  6050 | D:3      | Reached XP level 6. HP: 38/41 MP: 1/9
  6164 | D:3      | Found a stormy altar of Qazlal.
  6333 | D:3      | Reached skill level 6 in Ice Magic
  6614 | D:3      | Found a blossoming altar of Fedhas.
  6627 | D:3      | Found a burning altar of Makhleb.
  6936 | D:3      | Noticed Terence
  7522 | D:3      | Noticed Grinder
  7811 | D:3      | Killed Terence
  8390 | D:4      | Noticed Eustachio
  8394 | D:4      | Killed Eustachio
  8394 | D:4      | Reached skill level 5 in Polearms
  8394 | D:4      | Reached XP level 7. HP: 32/46 MP: 5/10
  8400 | D:4      | Learned a level 4 spell: Throw Icicle
  8551 | D:4      | Reached skill level 1 in Fighting
  8551 | D:4      | Reached skill level 7 in Ice Magic
  8692 | D:4      | Noticed Robin
  8697 | D:4      | Killed Robin
  9513 | D:5      | Entered Level 5 of the Dungeon
  9746 | D:5      | Reached XP level 8. HP: 50/57 MP: 7/11
 10603 | D:5      | Reached skill level 8 in Ice Magic
 10635 | D:5      | Reached skill level 5 in Dodging
 11294 | D:6      | Reached skill level 5 in Fighting
 11294 | D:6      | Reached XP level 9. HP: 68/68 MP: 12/12
 11458 | D:6      | Reached skill level 5 in Conjurations
 11927 | D:6      | Found a basalt altar of Yredelemnul.
 12212 | D:7      | Noticed Menkaure
 12218 | D:7      | Killed Menkaure
 12334 | D:7      | Reached skill level 1 in Shields
 12457 | D:7      | Found an iron altar of Okawaru.
 12704 | D:7      | Learned a level 4 spell: Summon Ice Beast
 13069 | D:7      | Reached skill level 1 in Summonings
 13357 | D:7      | Found an ancient bone altar of Kikubaaqudgha.
 13369 | D:7      | Found a radiant altar of Vehumet.
 13381 | D:7      | Found a deep blue altar of Sif Muna.
 13396 | D:7      | Became a worshipper of Sif Muna the Loreminder
 13487 | D:7      | Found Ijizotock's Armour Boutique.
 13591 | D:7      | Found a staircase to the Ecumenical Temple.
 14104 | D:8      | Noticed Pikel
 14215 | D:8      | Reached XP level 10. HP: 59/74 MP: 15/15
 14658 | D:8      | Found a staircase to the Lair.
 14892 | D:8      | Noticed a two-headed ogre
 14902 | D:8      | Killed a two-headed ogre
 15228 | D:8      | Found a shimmering altar of Xom.
 15228 | D:8      | Found an opulent altar of Gozag.
 15294 | D:8      | Killed Pikel
 15491 | D:8      | Found an ornate altar of the Wu Jian Council.
 15491 | D:8      | Noticed a two-headed ogre
 15502 | D:8      | Killed a two-headed ogre
 15525 | D:8      | Reached * piety under Sif Muna
 15705 | D:8      | Found a runed door.
 15705 | D:8      | Found a shimmering altar of Xom.
 15705 | D:8      | Noticed a spear of chaos
 15705 | D:8      | Noticed Eralyen's ghost (novice GrBe)
 15863 | D:9      | Found a runed door.
 15865 | D:9      | Noticed a fire dragon
 15866 | D:9      | Found the +2 shield of Resistance {rF+ rC+ MR+}
 15869 | D:9      | Noticed a fire dragon
 15870 | D:9      | Noticed an ice dragon
 15872 | D:9      | Noticed an ice dragon
 15878 | D:9      | Found a runed door.
 16027 | D:9      | Found a staircase to the Orcish Mines.
 16165 | D:9      | Reached skill level 5 in Spellcasting
 16584 | D:9      | Noticed a two-headed ogre
 16585 | D:9      | Reached skill level 5 in Shields
 16626 | D:9      | Killed a two-headed ogre
 16626 | D:9      | Reached skill level 1 in Armour
 16762 | D:9      | Reached skill level 10 in Polearms
 16762 | D:9      | Reached XP level 11. HP: 68/79 MP: 18/18
 18651 | D:7      | Bought the +2 leather armour of Qeid {rN+ Regen+ Dex+2} for
                  | 356 gold pieces
 18824 | D:9      | Found a roughly hewn altar of Beogh.
 19019 | D:10     | Entered Level 10 of the Dungeon
 19419 | D:10     | Found the +10 large shield of Ignorance {rN+ Int-4}
 19424 | D:10     | Found a runed door.
 19443 | D:10     | Found a runed door.
 19443 | D:10     | Noticed an orange crystal statue
 19494 | D:10     | Reached ** piety under Sif Muna
 19497 | D:10     | Found Daikorch's Jewellery Shoppe.
 19565 | D:10     | Gained mutation: You are weak. (Str -2) [potion of
                  | mutation]
 19565 | D:10     | Gained mutation: You are covered in fur. (AC +1) [potion of
                  | mutation]
 20179 | Lair:1   | Entered Level 1 of the Lair of Beasts
 20232 | Lair:1   | Reached skill level 9 in Ice Magic
 20474 | Lair:1   | Noticed a four-headed hydra
 20486 | Lair:1   | Killed a four-headed hydra
 20581 | Lair:1   | Noticed Gastronok
 21250 | Lair:2   | Reached skill level 10 in Ice Magic
 21420 | Lair:2   | Found a runed gate.
 21420 | Lair:2   | Found a runed gate.
 21420 | Lair:2   | Found a runed gate.
 21420 | Lair:2   | Noticed Qidob's ghost (journeyman HuSk)
 21420 | Lair:2   | Noticed Hedig's ghost (journeyman GrEE)
 21421 | Lair:2   | Noticed Imisaob's ghost (journeyman TrBe)
 21962 | Lair:2   | Reached XP level 12. HP: 82/91 MP: 16/19
 22236 | Lair:2   | Reached *** piety under Sif Muna
 22236 | Lair:2   | Reached skill level 11 in Ice Magic
 22844 | Lair:3   | Found a snail-covered altar of Cheibriados.
 22947 | Lair:3   | Found a hole to the Spider Nest.
 22982 | Lair:3   | Reached skill level 12 in Ice Magic
 23130 | Lair:3   | Found a dark tunnel.
 23566 | Lair:3   | Reached **** piety under Sif Muna
 23628 | Lair:3   | Noticed a queen ant
 23689 | Lair:3   | Killed a queen ant
 24171 | Lair:3   | Found a large runed door.
 24172 | Lair:3   | Found a large runed door.
 24175 | Lair:3   | Noticed Riddle's ghost (journeyman DsMo)
 25892 | Lair:4   | Reached XP level 13. HP: 79/99 MP: 19/23
 25952 | Lair:4   | Found a staircase to the Shoals.
 26445 | Lair:5   | Found a staircase to the Slime Pits.
 26511 | Lair:5   | Reached ***** piety under Sif Muna
 27013 | Lair:5   | You fall through a shaft!
 27013 | Lair:6   | Entered Level 6 of the Lair of Beasts
 27025 | Lair:6   | Reached skill level 10 in Dodging
 27923 | Lair:6   | Found a snail-covered altar of Cheibriados.
 27941 | Lair:6   | Reached skill level 10 in Fighting
 28345 | Lair:6   | Received a gift from Sif Muna
 29160 | Lair:6   | Reached skill level 5 in Summonings
 29335 | Lair:6   | Got a slimy spear
 29342 | Lair:6   | Lost mutation: You are weak. (Str -2) [potion of mutation]
 29342 | Lair:6   | Lost mutation: You are covered in fur. (AC +1) [potion of
                  | mutation]
 29342 | Lair:6   | Gained mutation: Your flesh is heat resistant. (rF+)
                  | [potion of mutation]
 29342 | Lair:6   | Gained mutation: Armour fits poorly on your strangely
                  | shaped body. [potion of mutation]
 29342 | Lair:6   | Gained mutation: You possess an exceptional clarity of
                  | mind. [potion of mutation]
 29873 | Lair:6   | Reached XP level 14. HP: 110/110 MP: 21/26
 29879 | Lair:6   | Got a warped buckler
 29908 | Lair:6   | Identified the +6 spear "Acatoch" {pierce, rPois} (You
                  | found it on level 6 of the Lair of Beasts)
 29909 | Lair:6   | Identified the +3 buckler of the Dropbear {Int+4} (You
                  | found it on level 6 of the Lair of Beasts)
 30567 | D:11     | Learned a level 4 spell: Summon Lightning Spire
 30885 | D:11     | Found a portal to a secret trove of treasure.
 30937 | D:11     | Found Fyimel's Antique Weapon Shop.
 31204 | D:11     | Got a bronze leather armour
 31311 | D:12     | Paralysed by a hornet for 2 turns
 31713 | D:12     | Identified Sif Muna's Guide on Conjuration (Sif Muna gifted
                  | it to you on level 12 of the Dungeon)
 31713 | D:12     | Received a gift from Sif Muna
 32234 | Orc:1    | Entered Level 1 of the Orcish Mines
 32566 | Orc:2    | Entered Level 2 of the Orcish Mines
 32732 | Orc:2    | Found Pibuesk's Distillery.
 32778 | Orc:2    | Paralysed by an orc sorcerer for 3 turns
 33301 | Orc:1    | Found a burning altar of Makhleb.
 33409 | Orc:2    | Found a staircase to the Elven Halls.
 33654 | Orc:2    | Reached skill level 10 in Spellcasting
 33669 | Orc:2    | Paralysed by an ogre mage for 5 turns
 33742 | Orc:2    | Found Jitzib's Distillery.
 33890 | Orc:2    | Found an ancient bone altar of Kikubaaqudgha.
 33890 | Orc:2    | Noticed Nergalle
 33928 | Orc:2    | Killed Nergalle
 34039 | Orc:2    | Found Udet's Distillery.
 34103 | Orc:2    | Found a radiant altar of Vehumet.
 34138 | Orc:2    | Identified Sif Muna's Papyrus of Creation and Evil Magic
                  | (Sif Muna gifted it to you on level 2 of the Orcish Mines)
 34138 | Orc:2    | Received a gift from Sif Muna
 34446 | Orc:2    | Found a roughly hewn altar of Beogh.
 34446 | Orc:2    | Found Cir Deno's Antique Weapon Shop.
 34446 | Orc:2    | Found Sidwoduf's Gadget Boutique.
 35039 | Lair:3   | Killed Imisaob's ghost
 35257 | Lair:2   | Killed Qidob's ghost
 35290 | Lair:2   | Identified the +5 leather armour of the Harp {rPois MR++
                  | Int+3} (You took it off an orc priest on level 11 of the
                  | Dungeon)
 35411 | Shoals:1 | Entered Level 1 of the Shoals
 36881 | Shoals:2 | Noticed a kraken
 36935 | Shoals:2 | Noticed Ilsuiw
 37284 | Shoals:2 | Reached XP level 15. HP: 100/115 MP: 26/29
 37291 | Shoals:2 | Reached skill level 10 in Conjurations
 37520 | Shoals:2 | Killed Ilsuiw
 38197 | Shoals:2 | Found a runed door.
 38594 | Shoals:2 | Learned a level 6 spell: Bolt of Cold
 41306 | D:12     | Reached skill level 13 in Ice Magic
 41321 | D:12     | Identified Sif Muna's Incunabulum of the Supportive
                  | Mountains (Sif Muna gifted it to you on level 12 of the
                  | Dungeon)
 41321 | D:12     | Received a gift from Sif Muna
 42117 | D:13     | Noticed Erolcha
 42122 | D:13     | Killed Erolcha
 42124 | D:13     | Noticed Azrael
 42268 | D:13     | Killed Azrael
 42777 | D:13     | Learned a level 5 spell: Aura of Abjuration
 42780 | D:13     | Reached skill level 14 in Ice Magic
 43164 | Lair:2   | Killed Hedig's ghost
 43308 | Spider:1 | Entered Level 1 of the Spider Nest
 43866 | Lair:3   | Reached XP level 16. HP: 33/122 MP: 20/30
 45168 | Spider:1 | Reached skill level 15 in Ice Magic
 47091 | Spider:1 | Identified Sif Muna's Compendium of Damaging Poisoning (Sif
                  | Muna gifted it to you on level 1 of the Spider Nest)
 47091 | Spider:1 | Received a gift from Sif Muna
 47832 | Spider:1 | HP: 2/122 [something (9)]
 47836 | Spider:1 | Slain by a ghost moth

Skill      XL: |  1  2  3  4  5  6  7  8  9 10 11 12 13 14 15 16 |
---------------+-------------------------------------------------+-----
Ice Magic      | 4 5 6 7 8 10 12 14 15 | 15.0
Polearms       | 1 2 3 4 5 7 10 14 | 14.0
Conjurations   | 1 2 3 4 5 7 9 10 | 10.6
Fighting       | 2 5 7 8 10 | 10.0
Dodging        | 3 5 6 8 12 | 12.0
Shields        | 3 5 |  5.0
Spellcasting   | 3 5 7 8 10 | 10.0
Summonings     | 2 4 6 8 9 |  9.3
Armour         | 1 4 |  4.0
Stealth        | |  2.1

Action                   |  1- 3 |  4- 6 |  7- 9 | 10-12 | 13-15 | 16-18 || total
-------------------------+-------+-------+-------+-------+-------+-------++-------
Melee: Spear             |    55 |   171 |       |       |  1016 |   259 ||  1501
       Trident           |       |     7 |   325 |   765 |   376 |       ||  1473
       Tailslap          |       |       |     1 |       |    20 |       ||    21
 Cast: Freeze            |    33 |    33 |    13 |     8 |    26 |     4 ||   117
       Throw Frost       |    37 |    78 |    21 |     5 |     2 |       ||   143
       Ozocubu's Armour  |       |     6 |     9 |     3 |    24 |     7 ||    49
       Throw Icicle      |       |       |    21 |    38 |    85 |    68 ||   212
       Summon Ice Beast  |       |       |       |    62 |   130 |     4 ||   196
       Summon Lightning  |       |       |       |       |    47 |     1 ||    48
       Bolt of Cold      |       |       |       |       |    38 |    19 ||    57
Evoke: Wand              |       |       |       |       |     1 |     2 ||     3
  Use: Scroll            |     1 |     7 |     5 |     9 |    16 |     2 ||    40
       Potion            |       |       |     1 |     3 |     8 |     3 ||    15
 Stab: Sleeping          |     2 |     3 |    14 |     6 |     1 |       ||    26
       Distracted        |       |       |     1 |     4 |    14 |       ||    19
  Eat: Chunk             |     7 |    23 |    21 |    47 |    49 |     8 ||   155
       Ration            |       |     1 |     1 |     2 |    10 |     3 ||    17
Armor: Robe              |    11 |    24 |    33 |     8 |       |       ||    76
       Leather armour    |       |       |       |    57 |   106 |    39 ||   202
Dodge: Dodged            |    43 |   109 |   147 |   275 |   653 |   196 ||  1423
Block: Buckler           |       |       |     2 |   211 |   563 |   193 ||   969
       Reflection        |       |       |       |       |    39 |       ||    39
